 Dungeon Crawl Stone Soup version 0.17-a0-227-gf5308cc (webtiles) character file.

71 BluebellGnoll the Magician (level 4, 21/21 HPs)
             Began as a Spriggan Wizard on Mar 30, 2015.
             Quit the game on level 2 of the Dungeon.
             The game lasted 00:09:17 (2595 turns).

BluebellGnoll the Magician (Spriggan Wizard)        Turns: 2595, Time: 00:09:17

Health: 21/21      AC:  2    Str:  3      XL:     4   Next: 5%
Magic:  17/17      EV: 17    Int: 20      God:
Gold:   68         SH:  0    Dex: 10 (14) Spells: 5 memorised, 2 levels left

rFire  . . .     SeeInvis +     k - +0 dagger
rCold  . . .     Clarity  .     a - +0 robe
rNeg   . . .     SustAb   .     (shield restricted)
rPois  .         Gourm    .     b - +0 hat
rElec  .         Spirit   .     (no cloak)
rCorr  .         Warding  .     (gloves unavailable)
rMut   .         Stasis   .     (boots unavailable)
MR     .....                    (no amulet)
Stlth  +++.......               (no ring)
                                (no ring)

@: repel missiles, very quick, not resistant to hostile enchantments, fairly
stealthy
A: unfitting armour, see invisible, herbivore 3, speed 3, slow metabolism 2
a: no special abilities


You were on level 2 of the Dungeon.
You were not hungry.

You visited 1 branch of the dungeon, and saw 2 of its levels.

You collected 68 gold pieces.

Inventory:

Hand weapons
 k - a +0 dagger (weapon)
 l - a +0 hand axe of venom
Missiles
 h - 11 bolts of flame
 o - 12 poisoned needles
Armour
 a - a +0 robe (worn)
 b - a +0 hat (worn)
Scrolls
 f - a scroll of teleportation {unknown}
 g - 3 scrolls of identify {unknown}
 i - 2 scrolls of recharging {unknown}
 j - a scroll of remove curse {unknown}
 n - a scroll of enchant weapon {unknown}
Books
 c - a book of Minor Magic

   Spells                             Type                      Level
   a - Magic Dart                     Conjuration                  1
   b - Blink                          Translocation                2
   c - Call Imp                       Summoning                    2
   d - Repel Missiles                 Charms/Air                   2
   e - Slow                           Hexes                        2
   f - Conjure Flame                  Conjuration/Fire             3
   g - Mephitic Cloud                 Conjuration/Poison/Air       3
Comestibles
 d - 2 bread rations


   Skills:
 * Level 1.3 Short Blades
 - Level 3.0 Dodging
 * Level 5.0 Stealth
 - Level 5.0 Spellcasting
 - Level 0.6 Conjurations
   Level 0.7 Summonings
 - Level 1.5 Translocations


You had 2 spell levels left.
You knew the following spells:

 Your Spells              Type           Power        Failure   Level  Hunger
a - Magic Dart            Conj           #...         12%         1    None
b - Blink                 Tloc           N/A          12%         2    None
c - Conjure Flame         Conj/Fire      #.......     30%         3    ##.....
g - Mephitic Cloud        Conj/Pois/Air  #.......     38%         3    ##.....
r - Repel Missiles        Chrm/Air       #.....       21%         2    None


Dungeon Overview and Level Annotations

Branches:
Dungeon (2/15)

Altars:


Innate Abilities, Weirdness & Mutations

You are tiny and cannot use many weapons and most armour.
You have supernaturally acute eyesight.
You are a herbivore.
You cover ground extremely quickly.
You need consume almost no food.


Message History

Confirm with . or Enter, or press ? or * to list all spells.
Aiming: Magic Dart
Press: ? - help, Shift-Dir - straight line, f/p - adder
Aim: an adder (almost dead)
The magic dart hits the adder.
You kill the adder!
Your Stealth skill increases to level 5!
You have reached level 4!
You start resting.
Your magical contamination has completely faded away.
You start resting.
Magic restored.
Okay, then.
Saving game... please wait.
Welcome back, BluebellGnoll the Spriggan Wizard.
Press ? for a list of commands and other information.
Okay, then.
Cast which spell? (? or * to list)
Okay, then.
Are you sure you want to abandon this character and quit the game? (Confirm with "yes".)

.#####.###...#...###.#
#.......
........###.##...# #.#
#######. ........#
#.##...# #.# #. .####...#
#.##...###.# #. .# #.###
#..........#### #.
.####.########..........#
##
.....#...........######.#
...##.##########.#
##..).# #@# ...#..# #.#
#### ####..# #)# #...
####..##########.# ###
#.## ...[.............#
#.. #.#
################.# #.#
#.# #.# #.# #.#
#######.###.# #.#
#.........#.## #.#


There were no monsters in sight!

Vanquished Creatures
  Ijyb (D:2)
  2 adders (D:2)
  3 giant geckos
  2 giant cockroaches
  3 goblins (D:1)
  7 hobgoblins
  2 jackals (D:1)
  A quokka (D:2)
  A bat (D:1)
  A giant newt (D:2)
  A kobold (D:1)
  8 rats
32 creatures vanquished.

Notes
Turn   | Place    | Note
--------------------------------------------------------------
     0 | D:1      | BluebellGnoll, the Spriggan Wizard, began the quest for the Orb.
     0 | D:1      | Reached XP level 1. HP: 9/9 MP: 6/6
   610 | D:1      | Reached XP level 2. HP: 13/13 MP: 7/9
   632 | D:1      | Learned a level 2 spell: Repel Missiles
  1235 | D:1      | Reached skill level 5 in Spellcasting
  1314 | D:1      | Learned a level 2 spell: Blink
  1631 | D:2      | Reached XP level 3. HP: 16/16 MP: 6/14
  1688 | D:2      | Learned a level 3 spell: Mephitic Cloud
  1692 | D:2      | Learned a level 3 spell: Conjure Flame
  2152 | D:2      | Noticed Ijyb
  2268 | D:2      | Killed Ijyb
  2268 | D:2      | Reached skill level 1 in Short Blades
  2510 | D:2      | Reached skill level 5 in Stealth
  2510 | D:2      | Reached XP level 4. HP: 21/21 MP: 4/17
  2595 | D:2      | Quit the game

Action                   |  1- 3 |  4- 6 || total
-------------------------+-------+-------++-------
Melee: Unarmed           |     5 |       ||     5
       Dagger            |    17 |       ||    17
 Cast: Magic Dart        |   124 |     1 ||   125
       Repel Missiles    |     1 |       ||     1
       Mephitic Cloud    |     1 |       ||     1
  Use: Potion            |     2 |       ||     2
 Stab: Confused          |     2 |       ||     2
       Sleeping          |     1 |       ||     1
